 Dungeon Sprint DCSS version 0.30-a0-1103-g25895a7845 (webtiles) character file.

Game seed: 5769245355597258746

1289 fozzywoppz the Fighter (level 8, -4/98 HPs)
             Began as an Ogre Fighter on Apr 19, 2023.
             Was a Follower of Qazlal.
             Slain by a deep elf archer
             ... wielding a +0 short sword
              (13 damage)
             ... in the Dungeon (Sprint V: "Ziggurat Sprint").
             The game lasted 00:03:39 (183 turns).

fozzywoppz the Fighter (Ogre Fighter)                Turns: 183, Time: 00:03:40

Health: -4/98      AC: 18    Str: 29    XL:     8   Next: 55%
Magic:  12/15      EV:  5    Int:  9    God:    Qazlal [*.....]
Gold:   0          SH:  2    Dex: 14    Spells: 7/7 levels left

rFire   + . .      SeeInvis .    D - +10 dark maul {heavy}
rCold   + . .      Faith    .    (shield currently unavailable)
rNeg    . . .      Spirit   .    s - +5 gold dragon scales
rPois   +          Reflect  .    (helmet restricted)
rElec   .          Rampage  .    (no cloak)
rCorr   .          NoTele   +    (gloves unavailable)
Will    .....                    (boots unavailable) Stlth
                                 (no amulet)
HPRegen 0.36/turn                t - +6 ring of dexterity
MPRegen 0.14/turn                x - +6 ring of strength

@: hasted and slowed
A: large, unfitting armour, tough skin 1
a: Renounce Religion


You were in the Dungeon.
You worshipped Qazlal.
Qazlal was aware of your devotion.
You visited 1 branch

Inventory:

Hand Weapons
 b - a +5 giant spiked club
 D - the +10 dark maul (weapon) {heavy}
   (You found it in the Dungeon)
 E - the +7 great mace "Firestarter" {flame, immolate, rFlCloud rF++}
   (You found it in the Dungeon)

   rFlCloud:  It grants immunity to clouds of flame.
   rF:        It greatly protects you from fire.
 F - the +6 shillelagh "Devastator" {shatter}
   (You found it in the Dungeon)
Armour
 s - +5 gold dragon scales (worn)
 u - a +3 tower shield
Jewellery
 a - a ring of poison resistance
 t - a +6 ring of dexterity (left hand)
 x - a +6 ring of strength (right hand)
Wands
 z - a wand of mindburst (7)
 A - a wand of iceblast (7)
 B - a wand of acid (7)
Scrolls
 j - 4 scrolls of blinking
 o - 4 scrolls of amnesia
 p - 7 scrolls of fog
 q - 5 scrolls of identify
 r - 2 scrolls of fear
Potions
 d - 6 potions of might
 e - 10 potions of curing
 f - 10 potions of heal wounds
 g - 5 potions of haste
 h - 7 potions of magic
 i - 3 potions of berserk rage
 k - 2 potions of brilliance
 l - 2 potions of invisibility
 m - 3 potions of resistance
Miscellaneous
 C - a lightning rod (4/4)


   Skills:
 + Level 11.8 Fighting
 + Level 10.6 Maces & Flails
 + Level 8.4 Dodging
 - Level 3.0 Shields
 + Level 9.3 Invocations


You had 7 spell levels left.
You didn't know any spells.
Your spell library contained the following spells:

 Spells                   Type           Power      Damage    Failure   Level
 Animate Dead             Necr           0%         N/A       100%        4
 Haunt                    Necr/Summ      0%         N/A       100%        7
 Infestation              Necr           0%         N/A       100%        8


Dungeon Overview and Level Annotations

Branches:
Dungeon (1/1)

Altars:
Ashenzari
Cheibriados
Dithmenos
Elyvilon
Fedhas
Gozag
Hepliaklqana
Kikubaaqudgha
Makhleb
Nemelex Xobeh
Okawaru
Qazlal
Ru
Sif Muna
Trog
Uskayaw
Vehumet
Wu Jian
Xom
Yredelemnul
Zin
The Shining One
Jiyva
Lugonu

Annotations:
D 1 transporter


Innate Abilities, Weirdness & Mutations

You are too large for most types of armour.
You have tough skin. (AC +1)


Message History

* * * LOW HITPOINT WARNING * * *
You miss the deep elf pyromancer.
The deep elf pyromancer is almost dead.
The deep elf archer gestures at you while chanting.
You are confused.
The deep elf pyromancer is engulfed in blazing flames.
You kill the deep elf pyromancer!
Qazlal accepts your kill.
The deep elf archer points at you and mumbles some strange words.
You feel yourself slow down.
Your Fighting skill increases to level 11!
Your Dodging skill increases to level 8!
Your Invocations skill increases to level 9!
The deep elf archer casts a spell at you.
You feel as though you will be slow longer.
The deep elf archer shoots an arrow.
The arrow hits you but does no damage.
The deep elf archer unwields a +0 shortbow.
The deep elf archer wields a +0 short sword.
The deep elf archer hits you but does no damage.
You see here a +1 robe of fire resistance.
The deep elf archer unwields a +0 short sword.
The deep elf archer wields a +0 shortbow.
The deep elf archer shoots an arrow.
The arrow barely misses you.
Unknown command.
The deep elf archer unwields a +0 shortbow.
The deep elf archer wields a +0 short sword.
The deep elf archer hits you but does no damage.
You see here a staff of death.
You're too confused to move!
Unknown command.
You feel less confused.
The deep elf archer unwields a +0 short sword.
The deep elf archer wields a +0 shortbow.
The deep elf archer shoots an arrow.
The arrow hits you!!
* * * LOW HITPOINT WARNING * * *
Unknown command.
The deep elf archer unwields a +0 shortbow.
The deep elf archer wields a +0 short sword.
The deep elf archer hits you with a +0 short sword!
You die...

▓▓▓▓▓▓▓▓▓▓▓▓▓
▓.8e8.▓.8©8.▓
▓.?[@.▓.....▓
▓.....▓.....▓
▓.)...▓.....▓
▓.....▓.....▓
▓..)..▓..©..▓
▓..©..▓▓▓▓▓▓▓
▓▓▓▓▓▓▓


You could see a deep elf archer (repels missiles).

Vanquished Creatures
  A dancing weapon (D)
  A deep elf pyromancer (D)
  2 fire elementals (D)
4 creatures vanquished.

Notes
Turn   | Place    | Note
-------+----------+-------------------------------------------
     0 | D        | fozzywoppz the Ogre Fighter began the quest for the Orb.
     0 | D        | Reached XP level 1. HP: 24/24 MP: 1/1
     0 | D        | Found a shimmering blue altar of Sif Muna.
     0 | D        | Found a sacrificial altar of Ru.
     0 | D        | Found a bloodstained altar of Trog.
     0 | D        | Found a stormy altar of Qazlal.
     0 | D        | Found an iron altar of Okawaru.
     0 | D        | Found a sparkling altar of Nemelex Xobeh.
     0 | D        | Found a blossoming altar of Fedhas.
     0 | D        | Found the +6 Majin-Bo {spellvamp, MP+6 Int+6}
     0 | D        | Found the +27 heavy crossbow "Sniper" {heavy, Acc+∞ SInv}
     0 | D        | Found the +10 dark maul {heavy}
     0 | D        | Found the +15 Maxwell's patent armour {-Cast -Tele rElec
                  | Will+ rCorr}
     0 | D        | Found the +18 shield of the Gong {Loud rN+ Will+ rCorr
                  | EV-5}
     0 | D        | Found the +16 obsidian axe {drain, demonic, Mesm Drain Fly
                  | SInv}
     0 | D        | Found the +7 great mace "Firestarter" {flame, immolate,
                  | rFlCloud rF++}
     0 | D        | Found the +6 shillelagh "Devastator" {shatter}
     0 | D        | Found the +11 plutonium sword {Contam Stlth-}
     0 | D        | Found the +8 lance "Wyrmbane" {slay drac, rPois rF+ rC+
                  | AC+3}
     0 | D        | Found the +9 sword of Zonguldrok {reap}
     0 | D        | Found the +13 scythe of Curses {drain, curses, Drain}
     0 | D        | Found the +9 sword of Power {lifebolt}
     0 | D        | Found the +7 mace of Variability {chaos, chaos arc}
     0 | D        | Found the +11 Singing Sword {sonic wave}
     0 | D        | Found the +8 storm bow {elec, penet}
     2 | D        | Found a transporter.
     2 | D        | Found an ancient bone altar of Kikubaaqudgha.
     2 | D        | Found a viscous altar of Jiyva.
     2 | D        | Found a corrupted altar of Lugonu.
     2 | D        | Found a hazy altar of Hepliaklqana.
     2 | D        | Found a burning altar of Makhleb.
     2 | D        | Found an opulent altar of Gozag.
    83 | D        | Reached XP level 2. HP: 32/32 MP: 2/2
    95 | D        | Became a worshipper of Qazlal Stormbringer
   104 | D        | Entered arena 2.
   104 | D        | Noticed a fire elemental
   104 | D        | Noticed a fire elemental
   104 | D        | Found a transporter.
   106 | D        | Killed a fire elemental
   107 | D        | Reached skill level 6 in Fighting
   107 | D        | Reached XP level 3. HP: 34/45 MP: 2/6
   107 | D        | Reached XP level 4. HP: 40/53 MP: 2/7
   107 | D        | Reached XP level 5. HP: 46/61 MP: 2/8
   107 | D        | Killed a fire elemental
   108 | D        | Reached skill level 8 in Fighting
   108 | D        | Reached skill level 5 in Dodging
   108 | D        | Reached skill level 5 in Invocations
   108 | D        | Reached XP level 6. HP: 57/74 MP: 2/10
   163 | D        | Entered arena 3.
   163 | D        | Noticed a +1 long sword of freezing
   163 | D        | Noticed a deep elf archer
   163 | D        | Noticed a deep elf pyromancer
   163 | D        | Found a transporter.
   166 | D        | Killed a +1 long sword of freezing
   166 | D        | Reached * piety under Qazlal
   167 | D        | Reached skill level 10 in Fighting
   167 | D        | Reached skill level 10 in Maces & Flails
   167 | D        | Reached XP level 7. HP: 83/87 MP: 9/13
   167 | D        | Reached XP level 8. HP: 92/96 MP: 9/14
   175 | D        | Killed a deep elf pyromancer
   176 | D        | Reached skill level 11 in Fighting
   183 | D        | Slain by a deep elf archer

Illustrated notes

Levels and vault maps discovered:
D:        sprint_v [room_start, room_1, room_2, room_3, room_4, room_5, room_6,
          room_7, room_8, room_9, room_10, room_11, room_12, room_13, room_14,
          room_15, room_16, room_17, room_18, room_19, room_20, room_21,
          room_22, room_23, room_24, room_25, room_26, room_27]

Skill      XL: |  1  2  3  4  5  6  7  8 |
---------------+-------------------------+-----
Maces & Flails | 7 8 10 | 10.6
Fighting       | 6 8 10 11 | 11.8
Dodging        | 4 5 7 8 |  8.4
Invocations    | 4 5 8 9 |  9.3
Shields        | |  3.0

Action                     |  1- 3 |  4- 6 |  7- 9 || total
---------------------------+-------+-------+-------++-------
  Melee: Maul              |     1 |     2 |     4 ||     7
    Use: Potion            |     2 |     1 |       ||     3
 Armour: Gold dragon scale |     3 |       |     7 ||    10
  Dodge: Dodged            |       |       |     1 ||     1

Table legend: (Time is in decaauts)
 A = Elapsed time spent in this place.
 B = Non-inter-level travel time spent in this place.
 C = Inter-level travel time spent in this place.
 D = Time resting spent in this place.
 E = Time spent auto-exploring this place.
 F = Levels seen in this place.
 G = Mean time per level.
                   A        B        C        D        E       F      G
               +--------+--------+--------+--------+--------+-----+--------+
         Total |    187 |    187 |      0 |     45 |      0 |   1 |  187.0 |
       Dungeon |    187 |    187 |      0 |     45 |      0 |   1 |  187.0 |
               +--------+--------+--------+--------+--------+-----+--------+

Top non-repeatable levels by time:
       D: 187 daAuts
